 Dungeon Crawl Stone Soup version 0.18-a0-921-g28655ce (webtiles) character file.

443046 Yawgmoth the Metallomancer (level 24, -2/145 HPs)
             Began as a Gargoyle Earth Elementalist on Dec 25, 2015.
             Was the Champion of Vehumet.
             Slain by a deep troll (6 damage)
             ... led by an ironheart preserver
             ... on level 5 of the Vaults on Dec 28, 2015.
             The game lasted 11:08:41 (72615 turns).

Yawgmoth the Metallomancer (GrEE)                  Turns: 72615, Time: 11:08:41

Health: -2/145     AC: 32    Str: 14    XL:     24   Next: 14%
Magic:  12/49      EV: 11    Int: 30    God:    Vehumet [******]
Gold:   1413       SH:  0    Dex: 14    Spells: 12 memorised, 10 levels left

rFire  + + .     SeeInvis .     c - staff of earth
rCold  x . .     Gourm    .     Z - +4 troll leather armour
rNeg   + + .     Faith    .     (no shield)
rPois  ∞         Spirit   .     e - +2 hat
rElec  +         Dismiss  .     L - +2 cloak {MR+}
rCorr  .         Reflect  .     f - +2 pair of gloves
SustAt .         Harm     .     o - +2 pair of boots
MR     ++...                    k - amulet of rage
Stlth  ++........               x - ring "Uqeext" {Fire rN+ Dex+4}
                                I - ring of Pycza {+Fly Int+6}

@: corroded equipment, very resistant to hostile enchantments, unstealthy
A: big wings, dopey 1, fire resistance 1, high mp 1, negative energy resistance
1, electricity resistance, unbreathing, petrification resistance, rot immunity,
AC +17
a: Fly, Renounce Religion, Evoke Berserk Rage, Evoke Flight
}: 2/15 runes: serpentine, barnacled


You were on level 5 of the Vaults.
You worshipped Vehumet.
Vehumet was exalted by your worship.
You were near starving.

You visited 8 branches of the dungeon, and saw 40 of its levels.
You visited the Abyss 1 time.
You visited 2 bazaars.
You also visited: Labyrinth, Sewer and Ossuary.

You collected 4339 gold pieces.
You spent 2926 gold pieces at shops.

Inventory:

Missiles
 H - 1099 stones (quivered)
 S - 2 throwing nets
Armour
 e - a +2 hat (worn)
 f - a +2 pair of gloves (worn)
 o - a +2 pair of boots (worn)
 F - a +2 shield
 L - a +2 cloak of magic resistance (worn)
 Z - a +4 troll leather armour (worn)
Magical Staves
 c - an uncursed staff of earth (weapon)
 l - an uncursed staff of fire
Jewellery
 k - an amulet of rage (around neck)
 m - an uncursed ring of fire
 x - the ring "Uqeext" (right hand) {Fire rN+ Dex+4}
   (You found it on level 7 of the Lair of Beasts)

   [ring of fire]

   It enhances your fire magic, and weakens your ice magic.
   It affects your dexterity (+4).
   It protects you from fire.
   It makes you vulnerable to cold.
   It protects you from negative energy.
 y - an uncursed ring of protection from magic
 z - an uncursed ring of wizardry
 I - the ring of Pycza (left hand) {+Fly Int+6}
   (You found it on level 4 of the Dungeon)

   [ring of flight]

   It affects your intelligence (+6).
   It lets you fly.
Wands
 r - a wand of digging (7/24)
 w - a wand of heal wounds (5/9)
 D - a wand of hasting (2/9)
 Y - a wand of disintegration (10/24)
Scrolls
 g - 6 scrolls of remove curse
 q - a scroll of torment
 s - 12 scrolls of identify
 t - 12 scrolls of teleportation
 u - 4 scrolls of fog
 v - 3 scrolls of magic mapping
 C - 4 scrolls of enchant armour
 G - a scroll of fear
 J - 3 scrolls of amnesia
 M - 3 scrolls of recharging
 P - 2 scrolls of enchant weapon
 Q - 2 scrolls of holy word
 V - 2 scrolls of blinking
Potions
 p - 2 potions of haste
 R - 7 potions of curing
Books
 d - a book of Unlife

   Spells                             Type                      Level
   a - Recall                         Summoning/Translocation      3
   b - Animate Dead                   Necromancy                   4
   c - Control Undead                 Necromancy                   4
   d - Cigotuvi's Embrace             Necromancy                   5
   e - Death Channel                  Necromancy                   6
   f - Simulacrum                     Ice/Necromancy               6
 N - a Necronomicon

   Spells                             Type                      Level
   a - Haunt                          Necromancy/Summoning         7
   b - Borgnjor's Revivification      Necromancy                   8
   c - Death's Door                   Charms/Necromancy            8
   d - Necromutation                  Transmutation/Necromancy     8
Miscellaneous
 n - a crystal ball of energy
 A - a stone of tremors
 O - a box of beasts
 T - a fan of gales
 X - a piece from Xom's chessboard
Comestibles
 a - 5 chunks of flesh
 h - a beef jerky
 i - 4 bread rations
 j - 2 royal jellies
 B - 17 meat rations


   Skills:
 - Level 13.2 Fighting
   Level 4.5(9.6) Polearms
 - Level 13.8(14.1) Staves
 - Level 1.5 Dodging
 - Level 2.5 Stealth
 + Level 17.7 Spellcasting
 - Level 16.2 Conjurations
 - Level 0.7 Transmutations
 + Level 12.0 Fire Magic
 + Level 25.9 Earth Magic
 - Level 11.0 Evocations


You had 10 spell levels left.
You knew the following spells:

 Your Spells              Type           Power        Failure   Level  Hunger
a - Sandblast             Erth           ######       0%          1    None
b - Stone Arrow           Conj/Erth      ######       0%          3    None
c - Lee's Rapid Deconstr  Erth           ########..   0%          5    None
d - Stoneskin             Trmt/Erth      ########     0%          2    None
e - Iskenderun's Battles  Conj/Chrm      ######..     1%          5    None
f - Delayed Fireball      Conj/Fire      N/A          1%          7    ####...
g - Iron Shot             Conj/Erth      ########..   1%          6    #......
h - Orb of Destruction    Conj           #######...   1%          7    ####...
i - Blink                 Tloc           N/A          3%          2    None
j - Summon Butterflies    Summ           ####....     2%          1    None
k - Fireball              Conj/Fire      ########..   1%          5    None
l - Shatter               Erth           ########..   2%          9    #######


Dungeon Overview and Level Annotations

Branches:
Dungeon (15/15)            Temple (1/1) D:4            Lair (8/8) D:11
 Shoals (4/4) Lair:4        Snake (4/4) Lair:3        Slime (0/6) Lair:7
    Orc (2/2) D:9             Elf (0/3) Orc:2        Vaults (5/5) D:14
  Crypt (1/3) Vaults:2     Depths (0/5) D:15

Altars:
Ashenzari
Cheibriados
Dithmenos
Elyvilon
Fedhas
Gozag
Kikubaaqudgha
Makhleb
Nemelex Xobeh
Okawaru
Pakellas
Qazlal
Ru
Sif Muna
Trog
Vehumet
Xom
Yredelemnul
Zin
The Shining One
Jiyva

Shops:
D:5 ?(**   D:14 (   Orc:2 ??*!   Shoals:3 %   Shoals:4 ?   Snake:2 (

Portals:
Trove: D:13 (give 6 scrolls of blinking)

Annotations:
Crypt:1 Mennas


Innate Abilities, Weirdness & Mutations

You are resistant to torment.
Your stone body is resilient (AC +17).
You are immune to poison.
Your large and strong wings let you fly indefinitely.
You resist negative energy.
You are resistant to electric shocks.
You can survive without breathing.
You are immune to petrification.
You are immune to rotting.
You are dopey. (Int -2)
Your flesh is heat resistant.
You have an increased reservoir of magic (+10% MP).


Message History

A yaktaur captain comes into view. It is wielding a staff of earth.
Read which item? (? for menu, Esc to quit)
As you read the scroll of teleportation, it crumbles to dust.
You feel strangely unstable.
The yaktaur captain wields an arbalest.
The yaktaur captain shoots a bolt.
The bolt hits you!
* * * LOW HITPOINT WARNING * * *
The quicksilver dragon breathes dispelling energy at you.
The bolt of dispelling energy hits you!
You feel strangely stable.
* * * LOW HITPOINT WARNING * * *
You hear a shout!
Drink which item? (? for menu, Esc to quit)
You feel much better.
The deep elf death mage hits you but does no damage.
The vault warden barely misses you.
The yaktaur captain shoots a bolt.
The bolt hits you!
* * * LOW HITPOINT WARNING * * *
The deep elf death mage beckons forth a restless soul!
The deep troll bites you.
You die...

#......[....[[.)#
.....)..[X[))...+
.........[[.....#
#.....(.).....)[.
#).....D*Q$...)).
.[....(CDcx...$[.
.......#pe*.##...
#......#(...# ..
##.. #.@..# . ...
#T...# #(...#
#...(# #....#
#....# #c...#
#T...#


You could see a tentacled monstrosity, a golden dragon, a quicksilver dragon, a
vault warden, a tengu reaver, 2 yaktaur captains, a deep elf death mage, an
ettin, an octopode shaped shifter, 2 deep trolls, a lost soul and a
battlesphere.

Vanquished Creatures
  Sojobo (Vaults:2)
  Boris (Vaults:3)
  Vashnia (Snake:2)
  2 golden dragons (Vaults:5)
  Jory (Vaults:3)
  Xtahua (Vaults:5)
  A quicksilver dragon (Vaults:5)
  Polyphemus (Shoals:2)
  3 titans (Vaults:5)
  A kraken (Shoals:1)
  6 sphinxes
  5 storm dragons
  3 shadow dragons
  Ilsuiw (Shoals:4)
  6 tengu reavers
  7 greater nagas
  Donald (Shoals:3)
  2 fire giants (Vaults:4)
  An iron dragon (Vaults:5)
  14 vault wardens
  3 frost giants
  A ghost moth (shapeshifter) (Vaults:5)
  A draconian scorcher (Orc:1)
  A deep elf elementalist (Vaults:5)
  10 stone giants
  21 ironheart preservers
  3 war gargoyles (Vaults:5)
  Nessos (Lair:8)
  A deep elf demonologist (Vaults:4)
  6 salamander stormcallers
  8 very ugly things
  2 deep elf annihilators
  10 ettins
  32 vault guards
  A minotaur (Lab)
  2 deep elf death magi
  10 merfolk javelineers (Shoals:4)
  12 merfolk impalers
  15 yaktaur captains
  3 rakshasas
  6 fire dragons
  A minotaur (shapeshifter) (Vaults:5)
  13 hydras
  3 deep elf high priests (Vaults:5)
  30 naga warriors
  3 great orbs of eyes
  7 merfolk aquamancers
  6 centaur warriors
  5 merfolk avatars
  3 alligator snapping turtles
  A catoblepas (Shoals:2)
  8 anacondas
  A satyr (shapeshifter) (Vaults:4)
  12 ogre magi
  4 deep troll earth magi
  19 death yaks
  4 satyrs
  4 shock serpents
  A large abomination (Orc:1)
  A sun demon (Abyss:2)
  3 shadow wraiths
  A wretched star (Abyss:2)
  3 deep elf knights
  21 naga sharpshooters
  A titan skeleton (Vaults:4)
  3 unseen horrors
  2 salamander mystics
  A shock serpent (shapeshifter) (Vaults:3)
  2 fire crabs (Vaults:1)
  12 sea snakes
  A sea snake (shapeshifter) (Vaults:3)
  4 wizards
  12 ironbrand convokers
  10 deep trolls
  10 naga ritualists
  2 phantasmal warriors
  3 deep elf archers
  3 flayed ghosts
  18 harpies
  Pikel (D:8)
  7 water nymphs
  10 hill giants
  21 orc knights
  4 necromancers
  4 wolf spiders
  20 mana vipers
  45 ugly things
  15 salamanders
  A salamander (shapeshifter) (Vaults:4)
  12 manticores
  An orc sorcerer (Vaults:2)
  7 fauns
  11 deep elf magi
  21 griffons
  An oklob plant (Shoals:1)
  37 naga magi
  A guardian serpent (shapeshifter) (D:13)
  A stone giant zombie (Vaults:4)
  5 guardian serpents
  7 sirens
  A moth of wrath (D:6)
  41 black mambas
  21 vault sentinels
  Maurice (D:8)
  7 cyclopes
  12 elephants
  A black mamba (shapeshifter) (Vaults:4)
  2 centaur zombies
  13 komodo dragons
  23 spiny frogs
  A kobold demonologist (Vaults:1)
  A komodo dragon (shapeshifter) (Vaults:1)
  34 yaktaurs
  An efreet (D:14)
  3 harpy zombies (Shoals:4)
  5 fire drakes
  5 freezing wraiths
  A polar bear (Lair:4)
  The ghost of 4thArraOfDagon the Chopper, an amateur HOGl of the Shining One (D:6)
  45 merfolk
  3 giant leeches (Lair:8)
  5 wind drakes
  7 boulder beetles
  27 slime creatures
  18 snapping turtles
  3 human simulacra
  A snapping turtle (shapeshifter) (Vaults:4)
  2 trapdoor spider zombies
  25 two-headed ogres
  An ettin zombie (Vaults:4)
  13 trolls
  Prince Ribbit (D:5)
  4 flying skulls (Abyss:2)
  2 griffon zombies (Shoals:4)
  2 wraiths (D:14)
  19 blink frogs
  3 redbacks (Vaults:1)
  Sigmund (D:2)
  15 vampire mosquitoes
  10 water elementals
  2 trapdoor spiders
  A centaur simulacrum (D:14)
  A golden eye (Abyss:2)
  23 hippogriffs
  A golden eye (shapeshifter) (Vaults:4)
  A hill giant zombie (D:9)
  Grum (D:8)
  7 wyverns
  6 hungry ghosts
  59 yaks
  5 basilisks
  A small abomination (Abyss:2)
  62 nagas
  A swamp worm (shapeshifter) (Vaults:4)
  12 porcupines
  16 wolves
  Menkaure (D:8)
  7 swamp worms (Lair:7)
  12 wargs
  3 mottled dragons
  3 hell hounds (Lair:8)
  Duvessa (D:6)
  3 slaves (D:8)
  40 orc warriors
  15 water moccasins
  A yaktaur simulacrum (Vaults:2)
  3 black bears
  3 ice beasts
  16 centaurs
  3 sky beasts
  A boggart (shapeshifter) (Vaults:3)
  3 phantoms
  4 boggarts (Vaults:1)
  69 ogres
  19 crocodiles
  3 big kobolds
  An elf zombie (Ossuary)
  47 giant frogs
  A glowing shapeshifter simulacrum (Vaults:4)
  5 scorpions
  8 wights
  Dowan (D:6)
  4 electric eels
  9 jellies
  11 crimson imps
  4 starcursed masses (Abyss:2)
  11 hounds
  32 orc wizards
  2 human zombies (Ossuary)
  2 quasits
  2 giant frog skeletons
  26 orc priests
  A lava snake (Snake:4)
  2 giant frog zombies
  6 worker ants
  5 centaur skeletons
  11 iguanas
  65 sheep
  5 ogre zombies (D:9)
  5 mummies
  5 hound zombies
  3 worker ant zombies
  4 gnolls
  16 adders
  61 river rats
  5 shadow imps
  A white imp (D:9)
  5 oozes
  An adder zombie (Ossuary)
  22 worms
  3 adder skeletons
  8 giant geckos
  107 orcs
  4 giant cockroaches
  8 hobgoblins
  15 jackals
  2 quokkas
  3 ball pythons
  9 bats
  9 giant newts
  9 goblins
  4 goblin zombies
  2 hobgoblin skeletons (D:9)
  6 hobgoblin zombies
  A jackal zombie (Ossuary)
  22 kobolds
  3 orc skeletons (D:9)
  10 orc zombies
  A quokka skeleton (D:5)
  21 rats
  2 fire vortices (Vaults:4)
  4 fungi
  10 plants
  A tentacle (Shoals:1)
2121 creatures vanquished.

Vanquished Creatures (collateral kills)
  An iguana (Lair:6)
  A river rat (Lair:6)
2 creatures vanquished.

Vanquished Creatures (others)
  A salamander stormcaller (Vaults:3)
  2 ogre magi
  An orc knight (Vaults:2)
  A vault sentinel (Vaults:3)
  A slime creature (Vaults:2)
  3 ogres
  A slave (D:8)
  A ball python (D:8)
  A fire vortex (Vaults:4)
  30 fungi
  77 plants
  3 tentacles (Shoals:1)
  116 tentacle segments (Shoals:1)
238 creatures vanquished.

Grand Total: 2361 creatures vanquished

Notes
Turn   | Place    | Note
--------------------------------------------------------------
     0 | D:1      | Yawgmoth the Gargoyle Earth Elementalist began the quest for the Orb.
     0 | D:1      | Reached XP level 1. HP: 10/10 MP: 3/3
     6 | D:1      | Upgraded the game from 0.18-a0-912-g81d1dc4 to 0.18-a0-921-g28655ce
   172 | D:1      | Reached skill level 4 in Earth Magic
   172 | D:1      | Reached XP level 2. HP: 15/15 MP: 0/5
   405 | D:1      | Reached XP level 3. HP: 19/19 MP: 3/6
  1039 | D:2      | Noticed Sigmund
  1062 | D:3      | Reached XP level 4. HP: 24/24 MP: 3/8
  1262 | D:3      | Reached skill level 5 in Earth Magic
  1285 | D:3      | Reached XP level 5. HP: 19/28 MP: 2/10
  1528 | D:3      | Learned a level 3 spell: Stone Arrow
  2138 | D:3      | Reached skill level 1 in Conjurations
  2284 | D:4      | Noticed an ogre
  2286 | D:4      | Killed an ogre
  2286 | D:4      | Reached XP level 6. HP: 32/32 MP: 4/12
  2547 | D:4      | Reached skill level 6 in Earth Magic
  2956 | D:4      | Reached XP level 7. HP: 36/36 MP: 0/13
  3135 | D:4      | Got a crude brass ring
  3139 | D:4      | Identified the ring of Pycza {+Fly Int+6} (You found it on level 4 of the Dungeon)
  3607 | D:4      | Found a staircase to the Ecumenical Temple.
  3616 | Temple   | Entered the Ecumenical Temple
  3677 | Temple   | Became a worshipper of Vehumet
  3884 | Temple   | Learned a level 5 spell: Lee's Rapid Deconstruction
  4011 | D:5      | Entered Level 5 of the Dungeon
  4360 | D:2      | Killed Sigmund
  4360 | D:2      | Reached skill level 5 in Spellcasting
  4360 | D:2      | Reached skill level 7 in Earth Magic
  4989 | D:2      | Reached * piety under Vehumet
  4989 | D:2      | Offered knowledge of Flame Tongue by Vehumet.
  5387 | D:5      | Reached XP level 8. HP: 41/41 MP: 3/16
  5457 | D:5      | Noticed Prince Ribbit
  5511 | D:5      | Found Qadd's Magic Scroll Emporium.
  5541 | D:5      | Bought 2 scrolls of identify for 48 gold pieces
  5561 | D:5      | Reached skill level 8 in Earth Magic
  5670 | D:5      | Reached skill level 5 in Conjurations
  5804 | D:5      | Killed Prince Ribbit
  5809 | D:5      | Reached skill level 9 in Earth Magic
  5899 | D:5      | Reached XP level 9. HP: 26/45 MP: 15/18
  6129 | D:5      | Found a sacrificial altar of Ru.
  6290 | D:5      | Found Zuits's Assorted Antiques.
  6309 | D:5      | Bought a smoking spear for 168 gold pieces
  6309 | D:5      | Identified the cursed +1 spear of Xyodiynt {drain, *Contam +Rage Int+6} (You bought it in a shop on level 5 of the Dungeon)
  6319 | D:5      | Found Dutis's General Store.
  6323 | D:5      | Bought 22 stones for 22 gold pieces
  6326 | D:5      | Found Weazxal's Antique Weapon Boutique.
  6614 | D:6      | Found a sparkling altar of Nemelex Xobeh.
  6614 | D:6      | Found a shadowy altar of Dithmenos.
  6616 | D:6      | Found a blossoming altar of Fedhas.
  6728 | D:6      | Noticed Dowan
  6732 | D:6      | Noticed Duvessa
  6733 | D:6      | Killed Dowan
  6737 | D:6      | Killed Duvessa
  6862 | D:6      | Got a faintly glowing greatsling
  6865 | D:6      | Noticed 4thArraOfDagon's ghost (amateur HOGl)
  6874 | D:6      | Killed 4thArraOfDagon's ghost
  6877 | D:6      | Reached ** piety under Vehumet
  7010 | D:6      | Found a deep blue altar of Sif Muna.
  7112 | D:6      | Offered knowledge of Sting by Vehumet.
  7252 | D:6      | Found a glowing drain.
  7259 | Sewer    | Entered a sewer
  7378 | Sewer    | Found a white marble altar of Elyvilon.
  7627 | D:6      | Learned a level 2 spell: Stoneskin
  7777 | D:6      | Found a glowing silver altar of Zin.
  7779 | D:6      | Found a burning altar of Makhleb.
  7873 | D:6      | Identified the +4 greatsling of Plog {flame, rN++ Stlth+} (You found it on level 6 of the Dungeon)
  7888 | D:6      | Noticed a moth of wrath
  7891 | D:6      | Killed a moth of wrath
  7891 | D:6      | Reached skill level 10 in Earth Magic
  7898 | D:6      | Offered knowledge of Dazzling Spray by Vehumet.
  7902 | D:6      | Found a bloodstained altar of Trog.
  8018 | D:6      | Gained mutation: You are clumsy. (Dex -2) [mutagenic glow]
  8211 | D:7      | Found a glowing golden altar of the Shining One.
  8223 | D:7      | Found a snail-covered altar of Cheibriados.
  8544 | D:7      | Got an encrusted hand crossbow
  8572 | D:6      | Identified the +6 hand crossbow of Grontol {freeze, rElec} (You took it off an orc on level 7 of the Dungeon)
  8688 | D:7      | Found a basalt altar of Yredelemnul.
  9037 | D:7      | Reached XP level 10. HP: 37/50 MP: 12/21
  9120 | D:7      | Reached skill level 1 in Evocations
  9186 | D:7      | Reached *** piety under Vehumet
  9349 | D:8      | Noticed Menkaure
  9351 | D:8      | Killed Menkaure
  9412 | D:8      | Noticed Grum
  9421 | D:8      | Killed Grum
  9421 | D:8      | Offered knowledge of Fulminant Prism by Vehumet.
  9457 | D:8      | Found a sand-covered staircase.
  9474 | Ossuary  | Entered an ossuary
  9494 | Ossuary  | Reached skill level 11 in Earth Magic
  9952 | D:8      | Reached **** piety under Vehumet
  9985 | D:8      | Noticed Pikel
 10101 | D:8      | Killed Pikel
 10301 | D:8      | Noticed Maurice
 10306 | D:8      | Killed Maurice
 10410 | D:8      | Offered knowledge of Sticky Flame by Vehumet.
 10906 | D:9      | Found a stormy altar of Qazlal.
 11188 | D:9      | Reached XP level 11. HP: 42/54 MP: 2/24
 11492 | D:9      | Found a staircase to the Orcish Mines.
 11557 | D:9      | Gained mutation: You are dopey. (Int -2) [mutagenic glow]
 11670 | D:9      | Reached ***** piety under Vehumet
 11682 | D:9      | Offered knowledge of Freezing Cloud by Vehumet.
 11930 | D:10     | Entered Level 10 of the Dungeon
 11951 | D:10     | Noticed a hill giant
 12110 | D:10     | Killed a hill giant
 12276 | D:10     | Reached skill level 12 in Earth Magic
 13557 | D:11     | Reached skill level 5 in Evocations
 13750 | D:11     | Learned a level 5 spell: Iskenderun's Battlesphere
 14148 | D:11     | Found a staircase to the Lair.
 14334 | D:11     | Noticed a hill giant
 14338 | D:11     | Killed a hill giant
 14646 | Lair:1   | Entered Level 1 of the Lair of Beasts
 14807 | Lair:1   | Reached skill level 10 in Spellcasting
 14807 | Lair:1   | Reached skill level 10 in Conjurations
 15103 | Lair:1   | Reached XP level 12. HP: 59/59 MP: 14/26
 15432 | Lair:1   | Reached skill level 13 in Earth Magic
 15918 | Lair:1   | Learned a level 4 spell: Petrify
 16632 | Lair:2   | Reached skill level 1 in Fighting
 16635 | Lair:2   | Reached skill level 1 in Polearms
 18168 | Lair:3   | Reached skill level 5 in Fighting
 18353 | Lair:3   | Reached XP level 13. HP: 72/72 MP: 22/27
 18455 | Lair:3   | Offered knowledge of Iron Shot by Vehumet.
 18469 | Lair:3   | Learned a level 6 spell: Iron Shot
 18562 | Lair:3   | Learned a level 7 spell: Orb of Destruction
 18603 | Lair:3   | Found a staircase to the Snake Pit.
 19422 | Lair:4   | Found a staircase to the Shoals.
 20776 | Lair:5   | Reached skill level 14 in Earth Magic
 22296 | Lair:6   | Offered knowledge of Conjure Ball Lightning by Vehumet.
 23069 | Lair:7   | Found a staircase to the Slime Pits.
 23070 | Lair:7   | Found a viscous altar of Jiyva.
 23101 | Lair:7   | Found a deep blue altar of Sif Muna.
 23604 | Lair:7   | Got a pitted pewter ring
 23619 | Lair:7   | Identified the ring "Uqeext" {Fire rN+ Dex+4} (You found it on level 7 of the Lair of Beasts)
 24419 | Lair:8   | Entered Level 8 of the Lair of Beasts
 24424 | Lair:8   | Noticed Nessos
 24530 | Lair:8   | Killed Nessos
 24530 | Lair:8   | Gained mutation: Your large and strong wings let you fly indefinitely. [Gargoyle growth]
 24530 | Lair:8   | Reached XP level 14. HP: 67/82 MP: 11/29
 24948 | Lair:8   | Reached ****** piety under Vehumet
 25116 | Lair:7   | Offered knowledge of Bolt of Fire by Vehumet.
 25146 | Lair:7   | Learned a level 2 spell: Blink
 28579 | Lair:8   | Offered knowledge of Delayed Fireball by Vehumet.
 28669 | Lair:8   | Reached XP level 15. HP: 91/91 MP: 26/31
 29854 | Lair:8   | Reached skill level 10 in Fighting
 31245 | Lair:1   | Learned a level 1 spell: Summon Butterflies
 31256 | Lair:1   | Learned a level 7 spell: Delayed Fireball
 31263 | Lair:1   | Learned a level 5 spell: Fireball
 31399 | Orc:1    | Entered Level 1 of the Orcish Mines
 31933 | Orc:2    | Entered Level 2 of the Orcish Mines
 31937 | Orc:2    | Offered knowledge of Poison Arrow by Vehumet.
 31937 | Orc:2    | Reached skill level 1 in Fire Magic
 33422 | Orc:2    | Cast into level 2 of the Abyss (an ogre mage)
 33570 | Abyss:2  | Gained mutation: You have a pair of small horns on your head. [potion of beneficial mutation]
 33571 | Abyss:2  | Gained mutation: Your flesh is heat resistant. [potion of beneficial mutation]
 33817 | Abyss:2  | Noticed a profane servitor
 33829 | Abyss:2  | Noticed a tentacled starspawn
 33959 | Orc:2    | Escaped the Abyss
 34150 | Orc:1    | Offered knowledge of Spellforged Servitor by Vehumet.
 34886 | Orc:2    | Reached skill level 5 in Fire Magic
 34889 | Orc:2    | Found Oratuafi's Distillery.
 34889 | Orc:2    | Found Camm's Magic Scroll Shop.
 34891 | Orc:2    | Found Sataz's Assorted Antiques.
 34891 | Orc:2    | Found Vosisk's Magic Scroll Emporium.
 35018 | Orc:2    | Found a staircase to the Elven Halls.
 35842 | Orc:2    | Bought a scroll of teleportation for 42 gold pieces
 35844 | Orc:2    | Bought a yellowed book for 480 gold pieces
 35844 | Orc:2    | Identified the Incunabulum of Earthen Protection (You bought it in a shop on level 2 of the Orcish Mines)
 35849 | Orc:2    | Bought 2 potions of haste for 280 gold pieces
 35849 | Orc:2    | Bought a potion of heal wounds for 70 gold pieces
 35852 | Orc:2    | Bought a warped spear for 256 gold pieces
 35858 | Orc:2    | Bought a scroll of identify for 28 gold pieces
 35859 | Orc:2    | Bought a scroll of identify for 26 gold pieces
 35859 | Orc:2    | Bought a scroll of teleportation for 39 gold pieces
 35859 | Orc:2    | Bought a scroll of teleportation for 39 gold pieces
 35859 | Orc:2    | Bought a scroll of identify for 26 gold pieces
 35859 | Orc:2    | Bought a scroll of identify for 26 gold pieces
 35859 | Orc:2    | Identified the cursed +2 spear of Articulation {freeze, +Rage rF+} (You bought it in a shop on level 2 of the Orcish Mines)
 35914 | D:9      | Reached skill level 15 in Conjurations
 35977 | Lair:1   | Lost mutation: You are clumsy. (Dex -2) [potion of cure mutation]
 35977 | Lair:1   | Lost mutation: You have a pair of small horns on your head. [potion of cure mutation]
 35977 | Lair:1   | Lost mutation: Your flesh is heat resistant. [potion of cure mutation]
 35977 | Lair:1   | Lost mutation: You are dopey. (Int -2) [potion of cure mutation]
 36180 | Snake:1  | Entered Level 1 of the Snake Pit
 36285 | Snake:1  | Reached XP level 16. HP: 77/98 MP: 3/33
 36879 | Snake:1  | Gained mutation: You have an increased reservoir of magic (+10% MP). [potion of beneficial mutation]
 36880 | Snake:1  | Gained mutation: Your flesh is heat resistant. [potion of beneficial mutation]
 37291 | Snake:2  | Noticed Vashnia
 37578 | Snake:2  | Reached skill level 15 in Earth Magic
 37578 | Snake:2  | Killed Vashnia
 38464 | Snake:2  | Found Yxaph's Weapon Boutique.
 38660 | Snake:2  | Offered knowledge of Lehudib's Crystal Spear by Vehumet.
 38660 | Snake:2  | Offered knowledge of Fire Storm by Vehumet.
 38660 | Snake:2  | Offered knowledge of Shatter by Vehumet.
 39926 | Snake:3  | Identified a scroll of acquirement
 39959 | Snake:3  | Found a gateway to a bazaar.
 39969 | Snake:3  | Gained mutation: You are dopey. (Int -2) [mutagenic glow]
 39982 | Bazaar   | Entered a bazaar
 40004 | Bazaar   | Found Viesilli's Armour Shop.
 40004 | Bazaar   | Found Ziddisso's Gadget Boutique.
 40035 | Bazaar   | Found Aclitoat's Magic Scroll Boutique.
 40035 | Bazaar   | Found Nushamod's General Store.
 40056 | Bazaar   | Bought a scroll of enchant armour for 67 gold pieces
 40100 | Bazaar   | Bought a scroll of enchant armour for 112 gold pieces
 40182 | Bazaar   | Bought a scroll of identify for 30 gold pieces
 40182 | Bazaar   | Bought a scroll of teleportation for 45 gold pieces
 40219 | Snake:3  | Reached XP level 17. HP: 104/104 MP: 29/38
 40227 | Snake:3  | Reached skill level 16 in Earth Magic
 41421 | Snake:4  | Entered Level 4 of the Snake Pit
 42666 | Snake:4  | Reached skill level 10 in Fire Magic
 43530 | Snake:4  | Reached skill level 17 in Earth Magic
 44115 | Snake:4  | Reached XP level 18. HP: 87/110 MP: 20/39
 45445 | Snake:4  | Got a serpentine rune of Zot
 46351 | Shoals:1 | Entered Level 1 of the Shoals
 46357 | Shoals:1 | Reached skill level 1 in Staves
 46663 | Shoals:1 | Reached skill level 18 in Earth Magic
 46840 | Shoals:1 | Found a shimmering altar of Xom.
 48319 | Shoals:2 | Noticed Polyphemus
 48569 | Shoals:2 | Killed Polyphemus
 48933 | Shoals:2 | Reached skill level 5 in Staves
 49522 | Shoals:3 | Reached skill level 15 in Spellcasting
 49827 | Shoals:3 | Noticed Donald
 49830 | Shoals:3 | Killed Donald
 49830 | Shoals:3 | Reached XP level 19. HP: 115/115 MP: 27/41
 50549 | Shoals:3 | Found Koagoik's Food Shop.
 50792 | Shoals:3 | Identified the Catalogue of the Traveller and Companions
 50827 | Shoals:4 | Entered Level 4 of the Shoals
 50834 | Shoals:4 | Noticed Ilsuiw
 51088 | Shoals:4 | Found Foukhlui's Magic Scroll Emporium.
 51451 | Shoals:3 | Reached skill level 19 in Earth Magic
 53432 | Shoals:4 | Killed Ilsuiw
 53498 | Shoals:4 | Got a barnacled rune of Zot
 54803 | Shoals:4 | Bought a scroll of enchant armour for 135 gold pieces
 54803 | Shoals:4 | Bought a scroll of enchant armour for 135 gold pieces
 55254 | Shoals:4 | Identified Kikubaaqudgha's Collected Works on Boosting Darkness (You found it on level 4 of the Shoals)
 56023 | D:5      | Bought a scroll of acquirement for 624 gold pieces
 56551 | D:12     | Reached XP level 20. HP: 120/120 MP: 32/44
 57281 | D:13     | Found a portal to a secret trove of treasure.
 57311 | D:13     | Found a labyrinth entrance.
 57323 | Lab      | Entered a labyrinth
 58047 | Lab      | Got a shimmering broad axe {antimagic}
 58090 | Lab      | Identified the +9 broad axe of Obsession {antimagic, Int+3} (You took it off a minotaur in a labyrinth)
 58091 | Lab      | Identified a +1 rod of inaccuracy (9/9) (You found it in a labyrinth)
 58244 | D:13     | Learned a level 9 spell: Shatter
 58668 | D:14     | Reached skill level 20 in Earth Magic
 58884 | D:14     | Found a gate to the Vaults.
 58904 | D:14     | Found Alyirid's Antique Weapon Shop.
 59357 | D:14     | Found a glowing golden altar of the Shining One.
 59627 | D:14     | Reached skill level 10 in Staves
 59978 | D:15     | Entered Level 15 of the Dungeon
 60071 | D:15     | Reached skill level 10 in Evocations
 60667 | D:15     | Found a staircase to the Depths.
 60856 | D:15     | Found a blossoming altar of Fedhas.
 61078 | Vaults:1 | Entered Level 1 of the Vaults
 62858 | Vaults:2 | Reached XP level 21. HP: 103/127 MP: 45/45
 64091 | Vaults:2 | Reached skill level 21 in Earth Magic
 64119 | Vaults:2 | Found a staircase to the Crypt.
 64119 | Vaults:2 | Found a basalt altar of Yredelemnul.
 64119 | Vaults:2 | Found an ancient bone altar of Kikubaaqudgha.
 65004 | Vaults:3 | Noticed Mennas
 65139 | Crypt:1  | Entered Level 1 of the Crypt
 65640 | Vaults:3 | Noticed Sojobo
 65890 | Vaults:2 | Killed Sojobo
 66270 | Vaults:3 | Noticed Boris
 66279 | Vaults:3 | Killed Boris
 66578 | Vaults:3 | Reached XP level 22. HP: 126/133 MP: 40/47
 67561 | Vaults:3 | Noticed Jory
 67567 | Vaults:3 | Killed Jory
 67874 | Vaults:4 | Found a flickering gateway to a bazaar.
 67883 | Bazaar   | Entered a bazaar
 67883 | Bazaar   | Found Yteteynu's Gadget Emporium.
 67890 | Bazaar   | Found Keirphij's Antique Weapon Shop.
 67902 | Bazaar   | Found Pacaqo's Antique Armour Shop.
 67924 | Bazaar   | Found Meuvoubi's Distillery.
 67932 | Bazaar   | Found Lepruef's General Store.
 67978 | Bazaar   | Bought a potion of heal wounds for 60 gold pieces
 67978 | Bazaar   | Bought a potion of heal wounds for 60 gold pieces
 68000 | Bazaar   | Bought a pair of runed gloves for 108 gold pieces
 69689 | Vaults:4 | Reached skill level 22 in Earth Magic
 71366 | Vaults:5 | Entered Level 5 of the Vaults
 71367 | Vaults:5 | Reached skill level 23 in Earth Magic
 71367 | Vaults:5 | Reached XP level 23. HP: 140/140 MP: 49/49
 71385 | Vaults:4 | Reached skill level 24 in Earth Magic
 71985 | Vaults:5 | Reached skill level 25 in Earth Magic
 71992 | Vaults:5 | Noticed Xtahua
 72001 | Vaults:5 | Killed Xtahua
 72404 | Vaults:5 | Reached XP level 24. HP: 139/145 MP: 44/49
 72613 | Vaults:5 | HP: 1/145 [quicksilver dragon/bolt of dispelling energy (31)]
 72615 | Vaults:5 | Slain by a deep troll

Vault maps used:
D:1:      saegor_arrival_miasma
D:2:      first_bread, uniq_sigmund
D:4:      minmay_temple_entry_trees
D:5:      lemuel_doored_altar, serial_shops, nicolae_shop_trees,
          nicolae_shop_trees, nicolae_shop_statue_plus, nicolae_shop_waterfront,
          uniq_prince_ribbit1
D:6:      old_standard_altar, tgw_trog, nicolae_overflow_hidden_temple,
          gup_sewer_entry_bubbles, minmay_misc_feat_plants, uniq_duvessa,
          uniq_menkaure
D:7:      lemuel_coloured_pillars_altar, nicolae_overflow_crystal_walls,
          lemuel_crystal_altar, grunt_ogre_cave
D:8:      nicolae_ossuary_entry_giza, uniq_maurice, uniq_grum, uniq_pikel
D:9:      overflow_temple_1_default, zombieorc1_lemuel, minmay_fire_ice_demons
D:11:     lair_0_dummy
D:13:     lab_entry_generic, enter_trove_1, minmay_radiant
D:14:     cheibrodos_breeding_chamber, serial_shops, shop,
          nicolae_tso_swordbearing_angel
D:15:     grunt_enter_depths_hoard, fedhas_altar_3
Temple:   hc_temple_tempest_star
Lair:1:   minivault_25, beast_lair_carwin_2
Lair:2:   infiniplex_staircase_pool
Lair:3:   beast_lair_carwin_large_2, dummy_snake_entry,
          grunt_forest_stairs_basic
Lair:4:   elwin_shoals_entry_rocks, nicolae_lair_grove_arrangements
Lair:5:   serial_bayou_shore_b
Lair:7:   slime_altar_1, basic_altar, serial_bayou_pond_b, st_stairs_6,
          cheibrodos_lair_caveside_slide, worms_lemuel
Lair:8:   minmay_lair_end_frog_pond, special_room, uniq_nessos
Shoals:1: lemuel_oklob_altar
Shoals:2: uniq_polyphemus
Shoals:3: serial_shops, nicolae_shop_stone, nicolae_shoals_dead_sea_scrolls,
          uniq_donald
Shoals:4: shoals_end_grunt_ice, shoal_ilsuiw, serial_shops, nicolae_shop_trees,
          nicolae_shoals_undead_eyrie
Snake:1:  hangedman_snake_pattern
Snake:2:  serial_shops, shop, uniq_vashnia
Snake:3:  serial_shops, bzr_entry_gold
Snake:4:  snake_pit, nicolae_snake_single_loop, serial_bayou_shore_b
Orc:1:    abandoned_shop, nicolae_orc_lava_room
Orc:2:    st_orc_ogre_mass
Vaults:1: v_misc_28, hangedman_vaults_corner_blocks, hangedman_vaults_stream,
          grunt_vaults_swirl, v_alt_pattern_5, nicolae_vaults_little_squares_4,
          nicolae_vaults_little_squares_5, vaults_mumra_minichess_inversion,
          vaults_room_boxed, st_more_cells, nicolae_vaults_little_squares_3,
          ontoclasm_vaults_decontamination
Vaults:2: hangedman_vaults_river_flow, nicolae_vaults_little_squares_6,
          grunt_vaults_twisty, minmay_crypt_entry_necro_gods,
          vaults_standard_mumra_lines, ontoclasm_vaults_tryst, v_misc_13,
          nicolae_vaults_fighting_squares, v_misc_17,
          hangedman_vaults_restitches, nicolae_vaults_sealed_display, v_misc_31,
          ontoclasm_vaults_shuriken, nicolae_vaults_circle_grid_a
Vaults:3: v_misc_26, ontoclasm_vaults_loading_screen, st_quartered_hall,
          vaults_dpeg_ring, v_misc_17, vaults_room_octagon, grunt_vaults_focal,
          vaults_room_stairs_pillars, vaults_room_octagon, v_misc_32,
          vaults_standard_mumra_x, vaults_room_hallway, vaults_room_corners,
          uniq_sojobo, uniq_jory, uniq_boris, uniq_mennas
Vaults:4: v_misc_15, nicolae_vaults_windows_and_doors_thing,
          vaults_mumra_minichess, nicolae_vaults_little_squares_1,
          nicolae_vaults_little_ls, nicolae_vaults_mini_display_case,
          serial_shops, bzr_entry_lakeside
Vaults:5: uniq_xtahua
Crypt:1:  uniq_saint_roka
Lab:      labyrinth_mini_lab, nicolae_lab_x
Bazaar:   bazaar_jpeg_honeycomb, bazaar_lake
Sewer:    sewer_kobolds
Ossuary:  ossuary_minmay_tomb_2a

Action                   |  1- 3 |  4- 6 |  7- 9 | 10-12 | 13-15 | 16-18 | 19-21 | 22-24 || total
-------------------------+-------+-------+-------+-------+-------+-------+-------+-------++-------
Melee: Morningstar       |       |       |    50 |       |       |       |       |       ||    50
       Spear             |       |       |    46 |   298 |  1189 |   196 |       |       ||  1729
       Glaive            |       |       |       |       |       |   366 |       |       ||   366
       Staff             |       |       |       |       |       |    17 |   695 |   311 ||  1023
       Demon trident     |       |       |       |       |       |    11 |   117 |       ||   128
 Fire: Shortbow          |       |       |    10 |       |       |       |       |       ||    10
       Greatsling        |       |       |     3 |       |       |     7 |       |       ||    10
Throw: Tomahawk          |       |     6 |     5 |     1 |       |       |       |       ||    12
       Throwing net      |       |       |       |     2 |       |       |       |       ||     2
 Cast: Sandblast         |    42 |    79 |   165 |   111 |     8 |     8 |       |     1 ||   414
       Stone Arrow       |       |    11 |    44 |   268 |   451 |    78 |    24 |     4 ||   880
       Lee's Rapid Decon |       |       |    12 |    51 |    56 |    24 |    48 |    20 ||   211
       Stoneskin         |       |       |       |     8 |    70 |    31 |    58 |    17 ||   184
       Iskenderun's Batt |       |       |       |     1 |    19 |       |       |       ||    20
       Petrify           |       |       |       |     4 |     4 |       |       |       ||     8
       Iron Shot         |       |       |       |       |    98 |    92 |   160 |    39 ||   389
       Orb of Destructio |       |       |       |       |    14 |     7 |    55 |    71 ||   147
       Blink             |       |       |       |       |    25 |    16 |    18 |     6 ||    65
       Delayed Fireball  |       |       |       |       |     5 |     7 |     3 |     3 ||    18
       Fireball          |       |       |       |       |     2 |   352 |   348 |   136 ||   838
       Summon Butterflie |       |       |       |       |       |     7 |     2 |       ||     9
       Shatter           |       |       |       |       |       |       |       |    25 ||    25
 Abil: Evoke Flight      |       |       |     3 |       |     1 |       |       |       ||     4
       Evoke Berserk Rag |       |       |       |     2 |     4 |     1 |       |       ||     7
       Release Delayed F |       |       |       |       |     5 |     6 |     4 |     1 ||    16
       Fly               |       |       |       |       |     1 |       |       |       ||     1
       Stop Flying       |       |       |       |       |       |       |     1 |       ||     1
Evoke: Wand              |       |       |       |     2 |    12 |     2 |     6 |     7 ||    29
       Crystal ball of e |       |       |       |       |       |     2 |     5 |       ||     7
  Use: Scroll            |       |       |    18 |    13 |    21 |    13 |     7 |     6 ||    78
       Potion            |       |       |       |     8 |    17 |     5 |    10 |    13 ||    53
 Stab: Sleeping          |       |       |       |     1 |     1 |     1 |     6 |       ||     9
       Distracted        |       |       |       |       |     2 |     2 |     1 |     1 ||     6
  Eat: Chunk             |       |     3 |    18 |    15 |    50 |    13 |    62 |    33 ||   194
       Bread ration      |       |     1 |     1 |     4 |     5 |     7 |     3 |       ||    21
       Pizza             |       |       |     1 |       |     1 |     5 |     1 |       ||     8
       Beef jerky        |       |       |       |     1 |     2 |     5 |     5 |     1 ||    14
       Fruit             |       |       |       |     1 |    16 |       |       |       ||    17
       Meat ration       |       |       |       |       |       |       |       |     2 ||     2
